PAA
WESTWOOD SIXSHOOTERS @ AKRON BLIMPS
06/15/2041
 
TOP OF THE 1ST
Westwood Sixshooters batting - Pitching for Akron Blimps : RHP Wilson Alindogan
Pitching: RHP Wilson Alindogan
Batting: LHB Derek Kelly 0-0: Ball
1-0: Ball
2-0: Called Strike
2-1: Ball
3-1: Base on Balls
Batting: LHB Luis Benítez 0-0: Grounds into double play, 6-4-3 (Groundball, 6, EV 81.2 MPH)
Batting: LHB Rick Kirkham 0-0: Ground out 4-3 (Groundball, 4, EV 90.0 MPH)
Top of the 1st over - 0 runs, 0 hits, 0 errors, 0 left on base; Westwood 0 - Akron 0
BOTTOM OF THE 1ST
Akron Blimps batting - Pitching for Westwood Sixshooters : RHP Raúl Reyes
Pitching: RHP Raúl Reyes
Batting: RHB Roberto Ramos 0-0: Ball
1-0: Ball
2-0: Called Strike
2-1: SINGLE (Groundball, 6, EV 95.6 MPH) (infield hit)
Batting: RHB Jeff Camp 0-0: Called Strike
0-1: Ball
1-1: Ball
2-1: Ball
3-1: Base on Balls
Roberto Ramos to second
Batting: RHB Charlie Cummings 0-0: Ball
1-0: Called Strike
1-1: Called Strike
1-2: Foul Ball, location: 2F
1-2: Foul Ball, location: 2F
1-2: Ball
2-2: Fly out, F7 (Flyball, 78S, EV 90.6 MPH)
Batting: SHB Jhett Larson 0-0: Ball
1-0: Called Strike
1-1: Called Strike
1-2: Ball
2-2: Foul Ball, location: 2F
2-2: Fielders Choice at 2nd, 3-6 (Groundball, 34, EV 82.5 MPH)
Roberto Ramos to third
Batting: RHB Cristo Correa Jr. 0-0: Ball
1-0: Ball
2-0: Called Strike
2-1: Ball
3-1: Foul Ball, location: 2F
3-2: Base on Balls
Jhett Larson to second
Batting: LHB Pedro Durán 0-0: Ball
1-0: Called Strike
1-1: Ball
2-1: Foul Ball, location: 2F
2-2: Foul Ball, location: 2F
2-2: Foul Ball, location: 2F
2-2: Foul Ball, location: 2F
2-2: Fielders Choice at 2nd, 5-4 (Groundball, 56, EV 103.8 MPH)
Bottom of the 1st over - 0 runs, 1 hit, 0 errors, 3 left on base; Westwood 0 - Akron 0
TOP OF THE 2ND
Westwood Sixshooters batting - Pitching for Akron Blimps : RHP Wilson Alindogan
Batting: RHB Bryant Dixon 0-0: Called Strike
0-1: Called Strike
0-2: Ball
1-2: Ball
2-2: Ball
3-2: Foul Ball, location: 2F
3-2: DOUBLE (Line Drive, 7LS, EV 90.0 MPH)
Batting: RHB Illarion Podmarkov 0-0: Called Strike
0-1: Foul Ball, location: 2F
0-2: Foul Ball, location: 2F
0-2: Ball
1-2: SINGLE (Groundball, 6MD, EV 99.4 MPH)
Bryant Dixon to third
Batting: RHB Slavik Akentiev 0-0: Ball
1-0: Called Strike
1-1: Ball
2-1: Ball
3-1: Swinging Strike
3-2: Fly out, F3 (Popup, 34S, EV 70.0 MPH)
Batting: RHB John Siddall 0-0: Called Strike
0-1: Ball
1-1: Ball
2-1: Swinging Strike
2-2: Ball
3-2: Strikes out swinging
Batting: RHB Edmond Hallewell 0-0: Called Strike
0-1: Swinging Strike
0-2: Ball
1-2: Foul Ball, location: 2F
1-2: Ball
2-2: Strikes out swinging
Top of the 2nd over - 0 runs, 2 hits, 0 errors, 2 left on base; Westwood 0 - Akron 0
BOTTOM OF THE 2ND
Akron Blimps batting - Pitching for Westwood Sixshooters : RHP Raúl Reyes
Batting: RHB Víctor Martínez 0-0: Swinging Strike
0-1: Called Strike
0-2: Foul Ball, location: 2F
0-2: Strikes out swinging
Batting: RHB Ju-ho Ko 0-0: Swinging Strike
0-1: Ball
1-1: Ball
2-1: SINGLE (Flyball, 89M, EV 86.9 MPH)
Batting: RHB Dave Flynn 0-0: Ball
Ju-ho Ko is caught stealing 2nd base 2-4
1-0: Called Strike
1-1: Ball
2-1: Foul Ball, location: 2F
2-2: Foul Ball, location: 2F
2-2: SINGLE (Groundball, 34D, EV 95.0 MPH)
Batting: RHB Roberto Ramos 0-0: Foul Ball, location: 2F
0-1: Ball
1-1: Ball
2-1: Ground out 4-3 (Groundball, 34, EV 88.1 MPH)
Bottom of the 2nd over - 0 runs, 2 hits, 0 errors, 1 left on base; Westwood 0 - Akron 0
TOP OF THE 3RD
Westwood Sixshooters batting - Pitching for Akron Blimps : RHP Wilson Alindogan
Batting: LHB Todd Pritchard 0-0: Called Strike
0-1: Fly out, F8 (Line Drive, 8RM, EV 91.9 MPH)
Batting: LHB Derek Kelly 0-0: Called Strike
0-1: Ball
1-1: Ball
2-1: Swinging Strike
2-2: Ball
3-2: Ground out 4-3 (Groundball, 4, EV 106.2 MPH)
Batting: LHB Luis Benítez 0-0: Ball
1-0: Called Strike
1-1: Fly out, F8 (Flyball, 89S, EV 80.6 MPH)
Top of the 3rd over - 0 runs, 0 hits, 0 errors, 0 left on base; Westwood 0 - Akron 0
BOTTOM OF THE 3RD
Akron Blimps batting - Pitching for Westwood Sixshooters : RHP Raúl Reyes
Batting: RHB Jeff Camp 0-0: Swinging Strike
0-1: Ball
1-1: Foul Ball, location: 2F
1-2: Ground out 1-3 (Groundball, 15S, EV 72.5 MPH)
Batting: RHB Charlie Cummings 0-0: Called Strike
0-1: Called Strike
0-2: Ball
1-2: Ball
2-2: SINGLE (Flyball, 9LS, EV 96.9 MPH)
Batting: SHB Jhett Larson 0-0: Foul Ball, location: 2F
0-1: Fielders Choice at 2nd, 4-6 (Groundball, 4, EV 82.5 MPH)
Batting: RHB Cristo Correa Jr. 0-0: Called Strike
Jhett Larson steals 2nd base
0-1: Ball
1-1: SINGLE (Popup, 4D, EV 55.0 MPH)
Jhett Larson to third
Runner from 3rd tries for Home, SAFE, throw by 2B to home
Batting: LHB Pedro Durán 0-0: Ball
Cristo Correa Jr. steals 2nd base
1-0: Ball
2-0: Ball
3-0: Called Strike
3-1: Foul Ball, location: 2F
3-2: Foul Ball, location: 2F
3-2: Strikes out swinging
Bottom of the 3rd over - 1 run, 2 hits, 0 errors, 1 left on base; Westwood 0 - Akron 1
TOP OF THE 4TH
Westwood Sixshooters batting - Pitching for Akron Blimps : RHP Wilson Alindogan
Batting: LHB Rick Kirkham 0-0: Swinging Strike
0-1: Ball
1-1: Ball
2-1: Called Strike
2-2: Strikes out swinging
Batting: RHB Bryant Dixon 0-0: Called Strike
0-1: Foul Ball, location: 2F
0-2: Ball
1-2: Ball
2-2: Foul Ball, location: 2F
2-2: Ball
3-2: Ground out 6-3 (Groundball, 6, EV 91.2 MPH)
Batting: RHB Illarion Podmarkov 0-0: Called Strike
0-1: Swinging Strike
0-2: Ball
1-2: Ball
2-2: Ball
3-2: Base on Balls
Batting: RHB Slavik Akentiev 0-0: Called Strike
0-1: Called Strike
0-2: Strikes out swinging
Top of the 4th over - 0 runs, 0 hits, 0 errors, 1 left on base; Westwood 0 - Akron 1
BOTTOM OF THE 4TH
Akron Blimps batting - Pitching for Westwood Sixshooters : RHP Raúl Reyes
Batting: RHB Víctor Martínez 0-0: Swinging Strike
0-1: Ball
1-1: Fly out, F9 (Line Drive, 9, EV 100.0 MPH)
Batting: RHB Ju-ho Ko 0-0: Ball
1-0: Foul Ball, location: 2F
1-1: Ball
2-1: Ball
3-1: Base on Balls
Batting: RHB Dave Flynn 0-0: Ball
1-0: Fly out, F8 (Flyball, 8LS, EV 78.1 MPH)
Batting: RHB Roberto Ramos 0-0: Called Strike
Ju-ho Ko steals 2nd base
0-1: Ground out 4-3 (Groundball, 4S, EV 90.6 MPH)
Bottom of the 4th over - 0 runs, 0 hits, 0 errors, 1 left on base; Westwood 0 - Akron 1
TOP OF THE 5TH
Westwood Sixshooters batting - Pitching for Akron Blimps : RHP Wilson Alindogan
Batting: RHB John Siddall 0-0: Called Strike
0-1: Ball
1-1: Swinging Strike
1-2: Strikes out swinging
Batting: RHB Edmond Hallewell 0-0: Swinging Strike
0-1: Ball
1-1: Ball
2-1: Foul Ball, location: 2F
2-2: Ball
3-2: Fly out, F4 (Popup, 3S, EV 83.1 MPH)
Batting: LHB Todd Pritchard 0-0: Fly out, F8 (Flyball, 8RM, EV 86.9 MPH)
Top of the 5th over - 0 runs, 0 hits, 0 errors, 0 left on base; Westwood 0 - Akron 1
BOTTOM OF THE 5TH
Akron Blimps batting - Pitching for Westwood Sixshooters : RHP Raúl Reyes
Batting: RHB Jeff Camp 0-0: Called Strike
0-1: Called Strike
0-2: Fly out, F8 (Flyball, 8RD, EV 97.5 MPH)
Batting: RHB Charlie Cummings 0-0: Called Strike
0-1: Ball
1-1: Ball
2-1: Ball
3-1: Foul Ball, location: 2F
3-2: SINGLE (Groundball, 4MD, EV 101.9 MPH)
Batting: SHB Jhett Larson 0-0: Called Strike
0-1: Ball
1-1: Called Strike
1-2: Fielders Choice at 2nd, 6-4 (Groundball, 6, EV 99.4 MPH)
Pitching: RHP Jurg Roozen
Batting: RHB Cristo Correa Jr. 0-0: Ball
Wild Pitch!
Jhett Larson to second
1-0: Ball
2-0: Foul Ball, location: 2F
2-1: SINGLE (Groundball, 4MD, EV 100.6 MPH)
Jhett Larson to third
Runner from 3rd tries for Home, SAFE, no throw by CF
Batting: LHB Pedro Durán 0-0: Called Strike
Cristo Correa Jr. steals 2nd base
0-1: Fly out, F7 (Line Drive, 7, EV 99.4 MPH)
Bottom of the 5th over - 1 run, 2 hits, 0 errors, 1 left on base; Westwood 0 - Akron 2
TOP OF THE 6TH
Westwood Sixshooters batting - Pitching for Akron Blimps : RHP Wilson Alindogan
Batting: LHB Derek Kelly 0-0: Called Strike
0-1: Ball
1-1: Called Strike
1-2: SINGLE (Groundball, 34D, EV 96.2 MPH)
Batting: LHB Luis Benítez 0-0: Ball
1-0: Swinging Strike
1-1: Ball
2-1: Fly out, F9 (Line Drive, 9, EV 105.0 MPH)
Batting: LHB Rick Kirkham 0-0: Ball
1-0: Swinging Strike
1-1: Called Strike
Derek Kelly steals 2nd base
1-2: Strikes out swinging
Batting: RHB Bryant Dixon 0-0: Called Strike
0-1: Called Strike
0-2: Ball
1-2: Strikes out swinging
Top of the 6th over - 0 runs, 1 hit, 0 errors, 1 left on base; Westwood 0 - Akron 2
BOTTOM OF THE 6TH
Akron Blimps batting - Pitching for Westwood Sixshooters : RHP Jurg Roozen
Batting: RHB Víctor Martínez 0-0: Foul Ball, location: 2F
0-1: Swinging Strike
0-2: Strikes out swinging
Batting: RHB Ju-ho Ko 0-0: Ball
1-0: Ball
2-0: SINGLE (Groundball, 4MD, EV 102.5 MPH)
Batting: RHB Dave Flynn 0-0: Called Strike
0-1: Ball
1-1: Ball
2-1: Foul Ball, location: 2F
2-2: Foul Ball, location: 2F
2-2: Foul Ball, location: 2F
2-2: Fly out, F8 (Line Drive, 8RD, EV 90.0 MPH)
Batting: RHB Roberto Ramos 0-0: Ball
Ju-ho Ko is caught stealing 2nd base 2-4
Bottom of the 6th over - 0 runs, 1 hit, 0 errors, 0 left on base; Westwood 0 - Akron 2
TOP OF THE 7TH
Westwood Sixshooters batting - Pitching for Akron Blimps : RHP Wilson Alindogan
Batting: RHB Illarion Podmarkov 0-0: Called Strike
0-1: Called Strike
0-2: Ball
1-2: Ball
2-2: Foul Ball, location: 2F
2-2: Strikes out swinging
Batting: RHB Slavik Akentiev 0-0: Called Strike
0-1: Swinging Strike
0-2: Ball
1-2: Strikes out swinging
Batting: RHB John Siddall 0-0: Called Strike
0-1: Swinging Strike
0-2: Ball
1-2: Foul Ball, location: 2F
1-2: Strikes out swinging
Top of the 7th over - 0 runs, 0 hits, 0 errors, 0 left on base; Westwood 0 - Akron 2
BOTTOM OF THE 7TH
Akron Blimps batting - Pitching for Westwood Sixshooters : RHP Jurg Roozen
Batting: RHB Roberto Ramos 0-0: Ball
1-0: SINGLE (Groundball, 6, EV 96.9 MPH) (infield hit)
Batting: RHB Jeff Camp 0-0: Ball
1-0: Ball
2-0: Fly out, F7 (Flyball, 7LS, EV 84.4 MPH)
Batting: RHB Charlie Cummings 0-0: Called Strike
0-1: Foul Ball, location: 2F
0-2: Strikes out swinging
Batting: SHB Jhett Larson 0-0: Called Strike
0-1: Ball
1-1: Foul Ball, location: 2F
1-2: SINGLE (Groundball, 4D, EV 110.0 MPH)
Roberto Ramos to second
Runner from 2nd tries for 3rd, SAFE, no throw by CF
Batting: RHB Cristo Correa Jr. 0-0: Called Strike
0-1: Ball
1-1: Ball
2-1: 3-RUN HOME RUN (Flyball, 7LD, EV 108.8 MPH), Distance : 329 ft
Batting: LHB Pedro Durán 0-0: Called Strike
0-1: Fly out, F9 (Flyball, 9D, EV 103.1 MPH)
Bottom of the 7th over - 3 runs, 3 hits, 0 errors, 0 left on base; Westwood 0 - Akron 5
TOP OF THE 8TH
Westwood Sixshooters batting - Pitching for Akron Blimps : RHP Wilson Alindogan
Pitching: RHP Lance Mascola
Batting: RHB Edmond Hallewell 0-0: Ball
1-0: Foul Ball, location: 2F
1-1: Foul Ball, location: 2F
1-2: Strikes out swinging
Batting: LHB Todd Pritchard 0-0: SINGLE (Groundball, 34D, EV 98.8 MPH)
Batting: LHB Derek Kelly 0-0: Ball
1-0: Ball
2-0: Ball
3-0: Base on Balls
Todd Pritchard to second
Batting: LHB Luis Benítez 0-0: Ball
1-0: Called Strike
1-1: Ball
2-1: Ball
3-1: Fly out, F6 (Popup, 6S, EV 66.2 MPH)
Batting: LHB Rick Kirkham 0-0: Ball
1-0: Foul Ball, location: 2F
1-1: SINGLE (Groundball, 6MD, EV 100.6 MPH)
Todd Pritchard to third
Derek Kelly to second
Runner from 3rd tries for Home, SAFE, no throw by CF
Batting: RHB Bryant Dixon 0-0: Called Strike
0-1: Ball
1-1: Ball
2-1: Foul Ball, location: 2F
2-2: Ball
3-2: Ground out 6-3 (Groundball, 6, EV 86.9 MPH)
Top of the 8th over - 1 run, 2 hits, 0 errors, 2 left on base; Westwood 1 - Akron 5
BOTTOM OF THE 8TH
Akron Blimps batting - Pitching for Westwood Sixshooters : RHP Jurg Roozen
Pitching: RHP Arvi Fufachev
Batting: RHB Víctor Martínez 0-0: Hit by Pitch
Batting: RHB Ju-ho Ko 0-0: Called Strike
0-1: Ball
1-1: Foul Ball, location: 2F
1-2: Ball
2-2: Strikes out swinging
Batting: RHB Dave Flynn 0-0: Ball
1-0: Ball
2-0: Called Strike
2-1: Grounds into double play, 6-4-3 (Groundball, 6M, EV 79.4 MPH)
Bottom of the 8th over - 0 runs, 0 hits, 0 errors, 0 left on base; Westwood 1 - Akron 5
TOP OF THE 9TH
Westwood Sixshooters batting - Pitching for Akron Blimps : RHP Lance Mascola
Batting: RHB Illarion Podmarkov 0-0: Called Strike
0-1: Ball
1-1: Ground out 2-3 (Groundball, 13S, EV 65.6 MPH)
Batting: RHB Slavik Akentiev 0-0: Ball
1-0: Called Strike
1-1: Called Strike
1-2: Foul Ball, location: 2F
1-2: Ball
2-2: Foul Ball, location: 2F
2-2: Foul Ball, location: 2F
2-2: Ball
3-2: SINGLE (Groundball, 34D, EV 96.2 MPH)
Batting: RHB John Siddall 0-0: Called Strike
0-1: Ball
1-1: Foul Ball, location: 2F
1-2: SINGLE (Groundball, 56D, EV 99.4 MPH)
Slavik Akentiev to second
Pitching: RHP Lorenzo Encarnación
Batting: RHB Edmond Hallewell 0-0: Ball
1-0: Fielders Choice at 2nd, 3-6 (Groundball, 3S, EV 80.0 MPH)
Slavik Akentiev to third
Batting: LHB Todd Pritchard 0-0: Ball
1-0: Swinging Strike
1-1: Ground out 6-3 (Groundball, 6S, EV 85.0 MPH)
Top of the 9th over - 0 runs, 2 hits, 0 errors, 2 left on base; Westwood 1 - Akron 5
Tuesday, January 5th, 2021 - OOTP Baseball 20.8 Build 74